 Dungeon Crawl Stone Soup version 0.30.0-20-g3615ddf2f0 (webtiles) character file.

Game seed: 9885094495323527957

56434 qw the Peltast (level 14, -2/88 HPs)
             Began as a Gargoyle Fighter on May 29, 2023.
             Was a Priest of Okawaru.
             Slain by an angel
             ... wielding a +2 sacred scourge of holy wrath
              (8 damage)
             ... on level 1 of the Abyss.
             The game lasted 00:08:52 (15049 turns).

qw the Peltast (Gargoyle Fighter)                  Turns: 15049, Time: 00:08:53

Health: -2/88      AC: 36    Str: 27    XL:     14   Next: 81%
Magic:  21/21      EV:  9    Int: 15    God:    Okawaru [***...]
Gold:   534        SH: 25    Dex:  9    Spells: 13/13 levels left

rFire   + . .        Y - +8 war axe
rCold   + . .        g - +0 tower shield
rNeg    + . .        r - +0 plate armour
rPois   inf          A - +2 hat of Cown {rC+ Int+5}
rElec   +            s - +1 cloak
rCorr   +            b - +0 pair of gloves of Elyvilon's Fury {Str+3}
SInv    .            m - +1 pair of boots
Will    +....        u - amulet of reflection Stlth
                     f - ring of protection from fire
HPRegen 0.34/turn    a - ring of resist corrosion
MPRegen 0.17/turn

%: reflection
@: about to teleport, heroic, flying, glowing
A: sickness immunity, AC +10, big wings, negative energy resistance 1,
electricity resistance, torment resistance 1, petrification resistance
a: Renounce Religion, Heroism


You were on level 1 of the Abyss.
You worshipped Okawaru.
Okawaru was most pleased with you.
You visited 3 branches of the dungeon, and saw 16 of its levels.
You visited the Abyss 1 time.

You collected 1052 gold pieces.
You spent 518 gold pieces at shops.


Innate Abilities, Weirdness & Mutations

You are immune to sickness and miasma.
Your stone body is resilient. (AC +10)
You are immune to poison.
Your large and strong wings let you fly.
You resist negative energy. (rN+)
You are resistant to electric shocks. (rElec)
You are resistant to unholy torment.
You are immune to petrification.


   Skills:
 + Level 10.1(15.1) Fighting
 - Level 14.0(19.0) Axes
 - Level 2.1(7.1) Throwing
 - Level 10.0(15.0) Armour
 - Level 2.3(7.3) Dodging
 - Level 15.4(20.4) Shields
 - Level 10.0 Invocations


You had 13 spell levels left.
You didn't know any spells.
Your spell library was empty.

Inventory:

Hand Weapons
 w - a +2 eveningstar of protection
 Y - a +8 war axe (weapon)
Missiles
 y - a boomerang (quivered)
Armour
 b - the +0 pair of gloves of Elyvilon's Fury (worn) {Str+3}
   (You acquired it on level 4 of the Dungeon)

   Str:       It affects your strength (+3).
 g - a +0 tower shield (worn)
 l - a +2 helmet
 m - a +1 pair of boots (worn)
 r - a +0 plate armour (worn)
 s - a +1 cloak (worn)
 z - the +2 ring mail "Qoasis" {rC+ MP+9 Str+3}
   (You found it on level 5 of the Lair of Beasts)

   Str:       It affects your strength (+3).
   rC:        It protects you from cold.
   MP:        It affects your magic capacity (+9).
 A - the +2 hat of Cown (worn) {rC+ Int+5}
   (Okawaru gifted it to you on level 5 of the Lair of Beasts)

   Int:       It affects your intelligence (+5).
   rC:        It protects you from cold.
Jewellery
 a - a ring of resist corrosion (right hand)
 f - a ring of protection from fire (left hand)
 o - a ring of fire
 u - an amulet of reflection (around neck)
 x - a ring of resist corrosion
Wands
 q - a wand of digging (11)
Scrolls
 c - 2 scrolls of teleportation
 j - 13 scrolls of identify
 B - a scroll of amnesia {unknown}
Potions
 d - 2 potions of might
 e - 3 potions of attraction
 h - 11 potions of curing
 i - 3 potions of lignification
 k - 2 potions of haste
 n - 3 potions of magic
 p - a potion of resistance
 t - 2 potions of mutation
 v - a potion of cancellation

Dungeon Overview and Level Annotations

Branches:
Dungeon (10/15)            Temple (1/1) D:5            Lair (5/5) D:9
 Shoals (0/4) Lair:2        Snake (0/4) Lair:2        Slime (0/5) Lair:4
    Orc (0/2) D:9

Altars:
Ashenzari
Cheibriados
Dithmenos
Elyvilon
Fedhas
Gozag
Hepliaklqana
Kikubaaqudgha
Nemelex Xobeh
Okawaru
Qazlal
Ru
Sif Muna
Trog
Uskayaw
Vehumet
Wu Jian
Zin
The Shining One
Jiyva

Shops:
D:4 ?=   D:9 [(!

Annotations:
D:10 1 runed translucent door, Erolcha; qw's ghost, journeyman GrFi


Message History

The starspawn tentacle grabs you. The starspawn tentacle constricts you.
You block the angel's attack. x2
You slash the starspawn tentacle!
The starspawn tentacle is moderately damaged.
You hit the starspawn tentacle. You barely miss the angel.
The angel gestures.
The angel is healed somewhat.
The starspawn tentacle loses its grip on you.
You hit the angel.
The angel is severely wounded.
You slash the tentacled starspawn!
The angel gestures.
The angel is healed somewhat.
You closely miss the angel.
The angel is heavily wounded.
You hit the tentacled starspawn. You block the angel's attack.
The angel hits you with a +2 sacred scourge of holy wrath.
You completely miss the angel.
The angel is heavily wounded.
You slash the tentacled starspawn!
The angel gestures.
The angel is healed somewhat.
Tentacles burst from the starspawn's body! 2 starspawn tentacles come into view.
You hit the angel but do no damage.
The angel is heavily wounded.
You slice the tentacled starspawn!! You block the angel's attack.
The angel closely misses you. The tentacled starspawn bites you!!
The tentacled starspawn tentacle-slaps you but does no damage.
You block the angel's attack. x2
15049 ||| READING 3 scrolls of teleportation.
As you read the scroll of teleportation, it crumbles to dust.
You feel strangely unstable.
You feel the power of the Abyss delaying your translocation!
You block the starspawn tentacle's attack.
The angel hits you but does no damage.
The angel hits you with a +2 sacred scourge of holy wrath!
You die...

### # #..
### # #..#.
# #.##
#.#.#
.#..#@w# ##
#..AX.....#
#
##..w....##
# ##......#
. #......##
# #.#...##
_# .... #
...##


You could see an angel, a tentacled starspawn and 2 starspawn tentacles.

Vanquished Creatures
  A bone dragon (Abyss:1)
  Rupert (Lair:4)
  A tentacled starspawn (Abyss:1)
  Gastronok (Lair:2)
  A dire elephant (Lair:5)
  2 hydras (Lair:3)
  2 catoblepae (Lair:5)
  A two-headed ogre (D:10)
  A deep troll shaman (Lair:5)
  16 death yaks
  2 thrashing horrors (Abyss:1)
  A wretched star (Abyss:1)
  A sixfirhy (Abyss:1)
  2 skysharks (Lair:5)
  2 starcursed masses (Abyss:1)
  A worldbinder (Abyss:1)
  3 black mambas (Lair:5)
  12 elephants
  3 merfolk sirens (Lair:2)
  2 smoke demons (Abyss:1)
  Maggie (D:6)
  9 cane toads
  10 komodo dragons
  A kobold demonologist (Abyss:1)
  2 ancient zymes (Abyss:1)
  6 rime drakes
  A burning bush (Lair:5)
  A merfolk (Lair:2)
  2 trolls
  5 polar bears
  18 blink frogs
  A shadow (Abyss:1)
  3 wyverns
  A ynoxinul (Abyss:1)
  An air elemental (Abyss:1)
  A wraith (D:9)
  34 yaks
  2 basilisks
  Edmund (D:6)
  3 nagas (Lair:2)
  An acid dragon (D:8)
  5 small abominations (Abyss:1)
  12 water moccasins
  4 large abominations (Abyss:1)
  7 orc warriors
  3 ice beasts
  5 black bears
  2 ogres
  2 centaurs
  11 wolves
  A kobold brigand (D:7)
  13 bullfrogs
  2 scorpions
  13 wights
  5 killer bees (D:8)
  4 howler monkeys (D:10)
  4 hounds
  A jelly (D:6)
  10 orc priests
  2 sleepcaps
  An iguana (D:5)
  8 orc wizards
  Terence (D:3)
  A mummy (D:5)
  3 gnolls (D:2)
  4 adders
  A shadow imp (D:6)
  A white imp (D:6)
  40 orcs
  An endoplasm (D:2)
  4 giant cockroaches
  6 goblins
  7 hobgoblins
  2 jackals (D:1)
  A quokka (D:1)
  7 ball pythons
  5 bats
  5 frilled lizards
  A hobgoblin zombie (D:5)
  13 kobolds
  A kobold zombie (D:5)
  2 orc zombies (D:5)
  2 rats
  2 lurking horrors (Abyss:1)
  A starspawn tentacle (Abyss:1)
386 creatures vanquished.

Vanquished Creatures (others)
  A lurking horror (Abyss:1)
  4 starspawn tentacles (Abyss:1)
5 creatures vanquished.

Grand Total: 391 creatures vanquished

Notes
Turn   | Place    | Note
-------+----------+-------------------------------------------
     0 | D:1      | qw the Gargoyle Fighter began the quest for the Orb.
     0 | D:1      | Reached XP level 1. HP: 14/14 MP: 1/1
     0 | D:1      | 0 ||| qw: Version: 0.2-a-102-g2b76a06
     0 | D:1      | 0 ||| qw: Game counter: 419
     0 | D:1      | 0 ||| qw: Always use a shield: true
     0 | D:1      | 0 ||| qw: God list: Okawaru
     0 | D:1      | 0 ||| qw: Allow faded altars: false
     0 | D:1      | 0 ||| qw: Do Orc after D:15 true
     0 | D:1      | 0 ||| qw: Do second Lair branch before Depths: true
     0 | D:1      | 0 ||| qw: Lair rune preference: random
     0 | D:1      | 0 ||| qw: Plans: Normal, Zot:1-4, Slime:5, God:TSO, Crypt,
                  | Tomb, Pan, Hells, Abyss, Win
     0 | D:1      | 0 ||| PLANNING D:1-11
    91 | D:1      | 91 ||| Stepping ~*~*~tactically~*~*~ (hiding).
    92 | D:1      | 92 ||| Stepping ~*~*~tactically~*~*~ (hiding).
    93 | D:1      | 93 ||| Stepping ~*~*~tactically~*~*~ (hiding).
    95 | D:1      | 95 ||| Stepping ~*~*~tactically~*~*~ (hiding).
    96 | D:1      | 96 ||| Stepping ~*~*~tactically~*~*~ (hiding).
    98 | D:1      | 98 ||| Stepping ~*~*~tactically~*~*~ (hiding).
   221 | D:1      | 221 ||| Stepping ~*~*~tactically~*~*~ (stealth).
   345 | D:1      | Reached XP level 2. HP: 19/19 MP: 2/2
   779 | D:1      | 779 ||| UPGRADING to ring of protection from fire.
   780 | D:1      | 780 ||| READING scroll labelled ZON KYBBEITAYMIMI.
   781 | D:1      | 781 ||| READING scroll labelled OBRUSA NOAG OFOICS.
   782 | D:1      | 782 ||| READING scroll labelled BUSMIE NOOJAYSCH.
   783 | D:1      | 783 ||| READING 2 scrolls labelled LET QUDOUTYKH.
   784 | D:1      | 784 ||| READING 2 scrolls labelled VOHUME UXONO VUQ.
   785 | D:1      | 785 ||| READING scroll of enchant weapon.
   785 | D:1      | 785 ||| ENCHANTING +1 war axe.
   951 | D:2      | Reached skill level 3 in Axes
  1027 | D:2      | Reached XP level 3. HP: 23/23 MP: 3/3
  1047 | D:2      | You fall into a shaft and drop 1 floor!
  1051 | D:3      | 1051 ||| Stepping ~*~*~tactically~*~*~ (stealth).
  1052 | D:3      | 1052 ||| Stepping ~*~*~tactically~*~*~ (stealth).
  1054 | D:3      | 1054 ||| Stepping ~*~*~tactically~*~*~ (stealth).
  1179 | D:2      | 1179 ||| Stepping ~*~*~tactically~*~*~ (stealth).
  1285 | D:2      | 1285 ||| Stepping ~*~*~tactically~*~*~ (stealth).
  1431 | D:2      | Reached XP level 4. HP: 16/28 MP: 4/4
  1483 | D:2      | 1483 ||| DROPPING +0 whip.
  1531 | D:2      | 1531 ||| READING scroll labelled YXORYNANUN.
  1632 | D:2      | 1632 ||| DRINKING 3 amethyst potions.
  1633 | D:2      | 1633 ||| READING 2 scrolls of identify.
  1633 | D:2      | 1633 ||| IDENTIFYING emerald potion
  1634 | D:2      | 1634 ||| DROPPING potion of flight.
  1686 | D:3      | 1686 ||| Stepping ~*~*~tactically~*~*~ (stealth).
  1688 | D:3      | 1688 ||| Stepping ~*~*~tactically~*~*~ (hiding).
  1690 | D:3      | 1690 ||| Stepping ~*~*~tactically~*~*~ (hiding).
  1691 | D:3      | 1691 ||| Stepping ~*~*~tactically~*~*~ (hiding).
  1692 | D:3      | 1692 ||| Stepping ~*~*~tactically~*~*~ (hiding).
  1693 | D:3      | 1693 ||| Stepping ~*~*~tactically~*~*~ (hiding).
  1694 | D:3      | 1694 ||| Stepping ~*~*~tactically~*~*~ (hiding).
  1695 | D:3      | 1695 ||| Stepping ~*~*~tactically~*~*~ (hiding).
  1695 | D:3      | Noticed Terence
  1697 | D:3      | 1697 ||| Stepping ~*~*~tactically~*~*~ (hiding).
  1698 | D:3      | 1698 ||| Stepping ~*~*~tactically~*~*~ (hiding).
  1712 | D:3      | Killed Terence
  1850 | D:3      | 1850 ||| Stepping ~*~*~tactically~*~*~ (stealth).
  1852 | D:3      | 1852 ||| Stepping ~*~*~tactically~*~*~ (stealth).
  1861 | D:3      | Reached XP level 5. HP: 32/32 MP: 5/5
  2055 | D:3      | 2055 ||| UPGRADING to +0 tower shield.
  2065 | D:3      | 2065 ||| DROPPING +0 buckler.
  2066 | D:3      | 2066 ||| UPGRADING to +0 chain mail.
  2076 | D:3      | 2076 ||| DROPPING +0 scale mail.
  2077 | D:3      | 2077 ||| UPGRADING to ring of resist corrosion.
  2078 | D:3      | 2078 ||| READING 3 scrolls labelled REV VELAOLUIWN.
  2100 | D:3      | 2100 ||| READING scroll labelled WATOOSTRUAWY.
  2101 | D:3      | 2101 ||| READING scroll labelled LEIFEA KUSOSMYL.
  2105 | D:3      | 2105 ||| READING 2 scrolls of identify.
  2105 | D:3      | 2105 ||| IDENTIFYING clear potion
  2106 | D:3      | 2106 ||| DROPPING 2 scrolls of torment.
  2163 | D:4      | Noticed an ogre
  2164 | D:4      | 2164 ||| Stepping ~*~*~tactically~*~*~ (stealth).
  2166 | D:4      | 2166 ||| Stepping ~*~*~tactically~*~*~ (stealth).
  2171 | D:4      | Killed an ogre
  2172 | D:4      | Reached skill level 4 in Shields
  2172 | D:4      | Reached XP level 6. HP: 37/37 MP: 6/6
  2189 | D:4      | Noticed a black bear
  2193 | D:4      | 2193 ||| Stepping ~*~*~tactically~*~*~ (stealth).
  2194 | D:4      | 2194 ||| Stepping ~*~*~tactically~*~*~ (stealth).
  2195 | D:4      | 2195 ||| Stepping ~*~*~tactically~*~*~ (stealth).
  2202 | D:4      | Killed a black bear
  2203 | D:4      | Reached skill level 5 in Shields
  2308 | D:4      | 2308 ||| Stepping ~*~*~tactically~*~*~ (stealth).
  2311 | D:4      | 2311 ||| Stepping ~*~*~tactically~*~*~ (stealth).
  2356 | D:4      | Found Tubbeat's Jewellery Emporium.
  2387 | D:4      | 2387 ||| SHOPLISTING +5 ring of evasion (468 gold, have
                  | 180).
  2387 | D:4      | 2387 ||| SHOPLISTING +6 ring of dexterity (468 gold, have
                  | 180).
  2387 | D:4      | 2387 ||| SHOPLISTING +6 ring of strength (468 gold, have
                  | 180).
  2387 | D:4      | 2387 ||| SHOPLISTING ring of ice (325 gold, have 180).
  2387 | D:4      | 2387 ||| SHOPLISTING ring of resist corrosion (260 gold,
                  | have 180).
  2570 | D:4      | 2570 ||| Stepping ~*~*~tactically~*~*~ (hiding).
  2573 | D:4      | 2573 ||| Stepping ~*~*~tactically~*~*~ (hiding).
  2574 | D:4      | 2574 ||| Stepping ~*~*~tactically~*~*~ (hiding).
  2923 | D:4      | Found Ihamuxi's Magic Scroll Emporium.
  2932 | D:4      | 2932 ||| BUYING scroll of enchant weapon (75 gold).
  2932 | D:4      | Bought a scroll of enchant weapon for 75 gold pieces
  2932 | D:4      | 2932 ||| BUYING scroll of identify (20 gold).
  2932 | D:4      | Bought a scroll of identify for 20 gold pieces
  2932 | D:4      | 2932 ||| BUYING scroll of identify (20 gold).
  2932 | D:4      | Bought a scroll of identify for 20 gold pieces
  2932 | D:4      | 2932 ||| READING scroll of enchant weapon.
  2932 | D:4      | 2932 ||| ENCHANTING +2 war axe.
  2950 | D:4      | 2950 ||| UPGRADING to +0 pair of gloves.
  2955 | D:4      | 2955 ||| UPGRADING to +2 helmet.
  2960 | D:4      | 2960 ||| READING scroll labelled ASARANK AFOI.
  2961 | D:4      | 2961 ||| READING scroll labelled ACUMOO RUFE.
  2962 | D:4      | 2962 ||| READING scroll labelled NOTHIL YSULUAN.
  2962 | D:4      | Identified a scroll of acquirement
  2962 | D:4      | 2962 ||| ACQUIRING +0 pair of gloves of Elyvilon's Fury
                  | {Str+3}
  2962 | D:4      | Acquired the +0 pair of gloves of Elyvilon's Fury {Str+3}
  2964 | D:4      | 2964 ||| UPGRADING to +0 pair of gloves of Elyvilon's Fury
                  | {Str+3}.
  2974 | D:4      | 2974 ||| DROPPING +0 pair of gloves.
  2975 | D:4      | 2975 ||| READING 3 scrolls of identify.
  2975 | D:4      | 2975 ||| IDENTIFYING fuming ruby potion
  2987 | D:5      | Entered Level 5 of the Dungeon
  3007 | D:5      | Noticed a water moccasin
  3015 | D:5      | Killed a water moccasin
  3016 | D:5      | Reached skill level 6 in Shields
  3016 | D:5      | Reached XP level 7. HP: 11/41 MP: 7/7
  3018 | D:5      | HP: 6/41 [orc priest/nerve-wracking pain (6)]
  3019 | D:5      | 3019 ||| DRINKING potion of heal wounds.
  3025 | D:5      | Reached skill level 7 in Shields
  3094 | D:5      | 3094 ||| DROPPING +0 flail.
  3175 | D:5      | Found a staircase to the Ecumenical Temple.
  3176 | D:5      | 3176 ||| PLANNING TEMPLE
  3181 | Temple   | Entered the Ecumenical Temple
  3182 | Temple   | 3182 ||| PLANNING OKAWARU WORSHIP
  3189 | Temple   | Became a worshipper of Warmaster Okawaru
  3189 | Temple   | 3189 ||| PLANNING D:1-11
  3315 | D:5      | 3315 ||| Stepping ~*~*~tactically~*~*~ (stealth).
  3317 | D:5      | 3317 ||| Stepping ~*~*~tactically~*~*~ (hiding).
  3392 | D:5      | Identified the +4 falchion "Koevee" {elec, rPois Int+3
                  | Stlth-}
  3839 | D:5      | 3839 ||| READING 3 scrolls of identify.
  3839 | D:5      | 3839 ||| IDENTIFYING murky pink potion
  3946 | D:6      | Reached skill level 8 in Shields
  3962 | D:6      | 3962 ||| Stepping ~*~*~tactically~*~*~ (stealth).
  3964 | D:6      | 3964 ||| Stepping ~*~*~tactically~*~*~ (stealth).
  3970 | D:6      | 3970 ||| Stepping ~*~*~tactically~*~*~ (hiding).
  3982 | D:6      | Reached XP level 8. HP: 46/46 MP: 8/8
  4010 | D:6      | Noticed Maggie
  4011 | D:6      | 4011 ||| Stepping ~*~*~tactically~*~*~ (hiding).
  4014 | D:6      | 4014 ||| Stepping ~*~*~tactically~*~*~ (hiding).
  4034 | D:6      | Killed Maggie
  4034 | D:6      | Reached * piety under Okawaru
  4035 | D:6      | Reached skill level 9 in Shields
  4035 | D:6      | 4035 ||| INVOKING Heroism.
  4209 | D:6      | 4209 ||| INVOKING Heroism.
  4343 | D:6      | 4343 ||| INVOKING Heroism.
  4507 | D:6      | 4507 ||| READING scroll of enchant weapon.
  4507 | D:6      | 4507 ||| ENCHANTING +3 war axe.
  4624 | D:6      | Noticed Edmund
  4637 | D:6      | Killed Edmund
  4638 | D:6      | Reached skill level 6 in Axes
  4650 | D:6      | 4650 ||| READING scroll labelled PIESUWN KENWUO.
  4748 | D:7      | Reached skill level 1 in Dodging
  4988 | D:7      | Reached XP level 9. HP: 52/52 MP: 9/9
  5178 | D:7      | 5178 ||| Stepping ~*~*~tactically~*~*~ (hiding).
  5182 | D:7      | 5182 ||| INVOKING Heroism.
  5188 | D:7      | Reached skill level 10 in Shields
  5525 | D:7      | 5525 ||| DROPPING ring of flight.
  5526 | D:7      | 5526 ||| READING 6 scrolls of identify.
  5526 | D:7      | 5526 ||| IDENTIFYING viscous clear potion
  5549 | D:8      | 5549 ||| INVOKING Heroism.
  5560 | D:8      | Reached skill level 1 in Invocations
  5842 | D:8      | 5842 ||| INVOKING Heroism.
  5854 | D:8      | Reached skill level 3 in Invocations
  5927 | D:8      | 5927 ||| Stepping ~*~*~tactically~*~*~ (hiding).
  6044 | D:8      | 6044 ||| INVOKING Heroism.
  6088 | D:8      | 6088 ||| READING scroll of enchant weapon.
  6088 | D:8      | 6088 ||| ENCHANTING +4 war axe.
  6112 | D:8      | 6112 ||| DRINKING 7 potions of curing.
  6112 | D:8      | 6112 ||| (to cure confusion)
  6207 | D:8      | 6207 ||| INVOKING Heroism.
  6331 | D:8      | 6331 ||| Stepping ~*~*~tactically~*~*~ (stealth).
  6340 | D:8      | 6340 ||| Stepping ~*~*~tactically~*~*~ (stealth).
  6432 | D:8      | 6432 ||| Stepping ~*~*~tactically~*~*~ (stealth).
  6694 | D:8      | 6694 ||| DROPPING +0 morningstar.
  6747 | D:8      | Reached XP level 10. HP: 59/59 MP: 13/13
  6748 | D:8      | 6748 ||| UPGRADING to +0 cloak.
  6753 | D:8      | 6753 ||| UPGRADING to +0 plate armour.
  6763 | D:8      | 6763 ||| DROPPING +0 chain mail.
  6764 | D:8      | 6764 ||| READING scroll labelled GOSUAXKUERGH.
  6765 | D:8      | 6765 ||| READING 7 scrolls of identify.
  6765 | D:8      | 6765 ||| IDENTIFYING smoky puce potion
  6766 | D:8      | 6766 ||| DROPPING potion of degeneration.
  6779 | D:9      | 6779 ||| INVOKING Heroism.
  6780 | D:9      | 6780 ||| Stepping ~*~*~tactically~*~*~ (hiding).
  6781 | D:9      | 6781 ||| Stepping ~*~*~tactically~*~*~ (hiding).
  6800 | D:9      | Found Vosmeqaq's Armour Shop.
  6871 | D:9      | 6871 ||| Stepping ~*~*~tactically~*~*~ (stealth).
  6895 | D:9      | Reached ** piety under Okawaru
  6916 | D:9      | Found a staircase to the Orcish Mines.
  6918 | D:9      | Found Iwnedghae's Weapon Shop.
  6922 | D:9      | 6922 ||| BUYING +0 pair of boots (58 gold).
  6922 | D:9      | Bought a +0 pair of boots for 58 gold pieces
  6922 | D:9      | 6922 ||| BUYING +1 cloak (149 gold).
  6922 | D:9      | Bought a +1 cloak for 149 gold pieces
  6922 | D:9      | 6922 ||| SHOPLISTING +1 pair of boots of rampaging (214
                  | gold, have 174).
  6926 | D:9      | 6926 ||| SHOPLISTING +2 broad axe of freezing (288 gold,
                  | have 174).
  6926 | D:9      | 6926 ||| SHOPLISTING +2 hand axe of flaming (261 gold, have
                  | 174).
  6979 | D:9      | Found Faemao's Distillery.
  6984 | D:9      | 6984 ||| INVOKING Heroism.
  6999 | D:9      | Found a staircase to the Lair.
  7003 | D:9      | 7003 ||| Stepping ~*~*~tactically~*~*~ (stealth).
  7004 | D:9      | 7004 ||| Stepping ~*~*~tactically~*~*~ (stealth).
  7009 | D:9      | 7009 ||| INVOKING Heroism.
  7018 | D:9      | Reached skill level 11 in Shields
  7028 | D:9      | 7028 ||| INVOKING Heroism.
  7067 | D:9      | 7067 ||| BUYING potion of lignification (42 gold).
  7067 | D:9      | Bought a potion of lignification for 42 gold pieces
  7067 | D:9      | 7067 ||| BUYING potion of lignification (42 gold).
  7067 | D:9      | Bought a potion of lignification for 42 gold pieces
  7067 | D:9      | 7067 ||| BUYING potion of magic (112 gold).
  7067 | D:9      | Bought a potion of magic for 112 gold pieces
  7067 | D:9      | 7067 ||| SHOPLISTING potion of might (56 gold, have 18).
  7067 | D:9      | 7067 ||| SHOPLISTING potion of mutation (112 gold, have
                  | 18).
  7067 | D:9      | 7067 ||| SHOPLISTING potion of resistance (140 gold, have
                  | 18).
  7087 | D:9      | 7087 ||| Stepping ~*~*~tactically~*~*~ (stealth).
  7091 | D:9      | 7091 ||| Stepping ~*~*~tactically~*~*~ (hiding).
  7092 | D:9      | 7092 ||| INVOKING Heroism.
  7095 | D:9      | 7095 ||| Stepping ~*~*~tactically~*~*~ (hiding).
  7105 | D:9      | Reached skill level 6 in Fighting
  7191 | D:9      | 7191 ||| INVOKING Heroism.
  7265 | D:9      | 7265 ||| Stepping ~*~*~tactically~*~*~ (stealth).
  7266 | D:9      | 7266 ||| Stepping ~*~*~tactically~*~*~ (stealth).
  7463 | D:9      | 7463 ||| UPGRADING to +0 pair of boots.
  7468 | D:9      | 7468 ||| UPGRADING to +1 cloak.
  7478 | D:9      | 7478 ||| DROPPING +0 cloak.
  7483 | D:9      | 7483 ||| PLANNING LAIR
  7483 | D:9      | 7483 ||| DRINKING 2 viscous red potions.
  7484 | D:9      | 7484 ||| DROPPING potion of invisibility.
  7536 | Lair:1   | Entered Level 1 of the Lair of Beasts
  7680 | Lair:1   | Reached skill level 6 in Armour
  7743 | Lair:1   | 7743 ||| INVOKING Heroism.
  7750 | Lair:1   | Reached skill level 9 in Axes
  7751 | Lair:1   | Reached *** piety under Okawaru
  7759 | Lair:1   | Reached XP level 11. HP: 47/64 MP: 14/14
  7834 | Lair:1   | Reached skill level 12 in Shields
  7872 | Lair:1   | 7872 ||| INVOKING Heroism.
  7910 | Lair:1   | 7910 ||| INVOKING Heroism.
  7930 | Lair:1   | 7930 ||| INVOKING Heroism.
  7949 | Lair:1   | 7949 ||| INVOKING Heroism.
  8042 | Lair:1   | Noticed a death yak
  8042 | Lair:1   | Noticed a death yak
  8042 | Lair:1   | Noticed a death yak
  8043 | Lair:1   | Noticed a death yak
  8043 | Lair:1   | 8043 ||| Stepping ~*~*~tactically~*~*~ (stealth).
  8044 | Lair:1   | 8044 ||| INVOKING Heroism.
  8050 | Lair:1   | Noticed a death yak
  8061 | Lair:1   | Killed a death yak
  8063 | Lair:1   | Killed a death yak
  8063 | Lair:1   | Reached **** piety under Okawaru
  8068 | Lair:1   | Killed a death yak
  8070 | Lair:1   | Killed a death yak
  8070 | Lair:1   | Reached ***** piety under Okawaru
  8071 | Lair:1   | 8071 ||| INVOKING Finesse.
  8074 | Lair:1   | Killed a death yak
  8232 | Lair:1   | 8232 ||| READING scroll of enchant armour.
  8232 | Lair:1   | 8232 ||| ENCHANTING +0 pair of boots.
  8795 | Lair:1   | 8795 ||| DROPPING +6 ring of intelligence.
  8796 | Lair:1   | 8796 ||| READING scroll labelled ZYRREY AR DEGG.
  8855 | Lair:2   | Reached skill level 6 in Invocations
  8889 | Lair:2   | Noticed Gastronok
  8890 | Lair:2   | 8890 ||| INVOKING Heroism.
  8905 | Lair:2   | Killed Gastronok
  8906 | Lair:2   | Reached skill level 13 in Shields
  8906 | Lair:2   | Reached XP level 12. HP: 55/72 MP: 15/17
  9123 | Lair:2   | Found a staircase to the Shoals.
  9136 | Lair:2   | 9136 ||| INVOKING Heroism.
  9342 | Lair:2   | 9342 ||| INVOKING Heroism.
  9353 | Lair:2   | Received a gift from Okawaru
  9416 | Lair:2   | 9416 ||| DROPPING +3 morningstar of freezing.
  9525 | Lair:2   | 9525 ||| Stepping ~*~*~tactically~*~*~ (hiding).
  9526 | Lair:2   | 9526 ||| Stepping ~*~*~tactically~*~*~ (hiding).
  9540 | Lair:2   | 9540 ||| INVOKING Heroism.
  9662 | Lair:2   | Found a staircase to the Snake Pit.
  9752 | Lair:2   | 9752 ||| UPGRADING to amulet of reflection.
  9757 | Lair:2   | 9757 ||| READING 13 scrolls of identify.
  9757 | Lair:2   | 9757 ||| IDENTIFYING fizzy silvery potion
  9758 | Lair:2   | 9758 ||| READING 12 scrolls of identify.
  9758 | Lair:2   | 9758 ||| IDENTIFYING grey potion
  9759 | Lair:2   | 9759 ||| READING 11 scrolls of identify.
  9759 | Lair:2   | 9759 ||| IDENTIFYING fizzy coppery potion
  9760 | Lair:2   | 9760 ||| DROPPING potion of brilliance.
  9811 | Lair:3   | 9811 ||| Stepping ~*~*~tactically~*~*~ (stealth).
  9816 | Lair:3   | Noticed an eight-headed hydra
  9817 | Lair:3   | 9817 ||| INVOKING Heroism.
  9818 | Lair:3   | 9818 ||| SWAPPING to +2 eveningstar of protection.
  9819 | Lair:3   | 9819 ||| INVOKING Finesse.
  9829 | Lair:3   | Killed an eight-headed hydra
  9830 | Lair:3   | 9830 ||| SWAPPING to +5 war axe.
 10057 | Lair:3   | 10057 ||| INVOKING Heroism.
 10082 | Lair:3   | 10082 ||| READING scroll of enchant weapon.
 10082 | Lair:3   | 10082 ||| ENCHANTING +5 war axe.
 10234 | Lair:3   | 10234 ||| Stepping ~*~*~tactically~*~*~ (hiding).
 10236 | Lair:3   | 10236 ||| INVOKING Heroism.
 10245 | Lair:3   | Reached skill level 9 in Invocations
 10248 | Lair:3   | Received a gift from Okawaru
 10311 | Lair:3   | Noticed a six-headed hydra
 10312 | Lair:3   | 10312 ||| INVOKING Heroism.
 10313 | Lair:3   | 10313 ||| INVOKING Finesse.
 10318 | Lair:3   | 10318 ||| SWAPPING to +2 eveningstar of protection.
 10324 | Lair:3   | Killed a six-headed hydra
 10325 | Lair:3   | Reached skill level 1 in Throwing
 10325 | Lair:3   | 10325 ||| SWAPPING to +6 war axe.
 10670 | Lair:3   | Received a gift from Okawaru
 10759 | Lair:3   | 10759 ||| DROPPING scarf of shadows.
 10760 | Lair:3   | 10760 ||| READING 11 scrolls of identify.
 10760 | Lair:3   | 10760 ||| IDENTIFYING viscous white potion
 10791 | Lair:4   | 10791 ||| INVOKING Heroism.
 10796 | Lair:4   | 10796 ||| Stepping ~*~*~tactically~*~*~ (stealth).
 10797 | Lair:4   | 10797 ||| Stepping ~*~*~tactically~*~*~ (stealth).
 10939 | Lair:4   | 10939 ||| INVOKING Heroism.
 11021 | Lair:4   | 11021 ||| Stepping ~*~*~tactically~*~*~ (stealth).
 11310 | Lair:4   | Found a viscous altar of Jiyva.
 11310 | Lair:4   | Found a staircase to the Slime Pits.
 11457 | Lair:4   | Noticed Rupert
 11458 | Lair:4   | 11458 ||| INVOKING Heroism.
 11459 | Lair:4   | 11459 ||| INVOKING Finesse.
 11484 | Lair:4   | Killed Rupert
 11485 | Lair:4   | Reached XP level 13. HP: 42/78 MP: 14/20
 11800 | Lair:5   | Entered Level 5 of the Lair of Beasts
 11801 | Lair:5   | 11801 ||| INVOKING Heroism.
 11802 | Lair:5   | 11802 ||| INVOKING Finesse.
 11826 | Lair:5   | Received a gift from Okawaru
 11827 | Lair:5   | Reached skill level 9 in Fighting
 11844 | Lair:5   | Reached skill level 14 in Shields
 11919 | Lair:5   | 11919 ||| INVOKING Heroism.
 11954 | Lair:5   | Reached skill level 9 in Armour
 12010 | Lair:5   | 12010 ||| Stepping ~*~*~tactically~*~*~ (stealth).
 12019 | Lair:5   | 12019 ||| INVOKING Heroism.
 12049 | Lair:5   | 12049 ||| INVOKING Heroism.
 12081 | Lair:5   | Reached skill level 12 in Axes
 12123 | Lair:5   | 12123 ||| INVOKING Heroism.
 12126 | Lair:5   | 12126 ||| Stepping ~*~*~tactically~*~*~ (stealth).
 12275 | Lair:5   | Received a gift from Okawaru
 12327 | Lair:5   | 12327 ||| INVOKING Heroism.
 12332 | Lair:5   | 12332 ||| INVOKING Finesse.
 12462 | Lair:5   | 12462 ||| Stepping ~*~*~tactically~*~*~ (stealth).
 12465 | Lair:5   | 12465 ||| INVOKING Heroism.
 12466 | Lair:5   | 12466 ||| INVOKING Finesse.
 12489 | Lair:5   | Gained mutation: Your large and strong wings let you fly.
                  | [Gargoyle growth]
 12489 | Lair:5   | Reached XP level 14. HP: 70/88 MP: 14/21
 12554 | Lair:5   | Identified the +2 ring mail "Qoasis" {rC+ MP+9 Str+3}
 12641 | Lair:5   | 12641 ||| READING scroll of enchant weapon.
 12641 | Lair:5   | 12641 ||| ENCHANTING +6 war axe.
 12943 | Lair:5   | 12943 ||| Stepping ~*~*~tactically~*~*~ (stealth).
 12988 | Lair:5   | 12988 ||| Stepping ~*~*~tactically~*~*~ (stealth).
 13043 | Lair:5   | 13043 ||| Stepping ~*~*~tactically~*~*~ (stealth).
 13044 | Lair:5   | 13044 ||| INVOKING Heroism.
 13045 | Lair:5   | 13045 ||| INVOKING Finesse.
 13059 | Lair:5   | Identified the +2 hat of Cown {rC+ Int+5} (Okawaru gifted
                  | it to you on level 5 of the Lair of Beasts)
 13059 | Lair:5   | Received a gift from Okawaru
 13090 | Lair:5   | Reached skill level 15 in Shields
 13090 | Lair:5   | 13090 ||| Stepping ~*~*~tactically~*~*~ (hiding).
 13091 | Lair:5   | 13091 ||| Stepping ~*~*~tactically~*~*~ (hiding).
 13136 | Lair:5   | Noticed a dire elephant
 13137 | Lair:5   | 13137 ||| INVOKING Heroism.
 13138 | Lair:5   | 13138 ||| Stepping ~*~*~tactically~*~*~ (stealth).
 13152 | Lair:5   | Killed a dire elephant
 13154 | Lair:5   | 13154 ||| INVOKING Finesse.
 13188 | Lair:5   | 13188 ||| Stepping ~*~*~tactically~*~*~ (stealth).
 13206 | Lair:5   | Identified the +4 lajatang of the Silent Majority {protect,
                  | rC- Str+5}
 13239 | Lair:5   | 13239 ||| Stepping ~*~*~tactically~*~*~ (stealth).
 13248 | Lair:5   | 13248 ||| INVOKING Heroism.
 13431 | Lair:5   | 13431 ||| PLANNING D:1-11
 13431 | Lair:5   | 13431 ||| UPGRADING to +2 hat of Cown {rC+ Int+5}.
 13441 | Lair:5   | 13441 ||| READING 3 scrolls labelled QOOTAE BUDIXE.
 13442 | Lair:5   | 13442 ||| DROPPING 2 scrolls of blinking.
 13526 | D:10     | Entered Level 10 of the Dungeon
 13648 | D:10     | Found a sparkling altar of Nemelex Xobeh.
 13737 | D:10     | 13737 ||| Stepping ~*~*~tactically~*~*~ (stealth).
 13739 | D:10     | 13739 ||| Stepping ~*~*~tactically~*~*~ (hiding).
 13863 | D:10     | Found a glowing silver altar of Zin.
 13894 | D:10     | 13894 ||| READING scroll of enchant weapon.
 13894 | D:10     | 13894 ||| ENCHANTING +7 war axe.
 13906 | D:10     | 13906 ||| Stepping ~*~*~tactically~*~*~ (hiding).
 13909 | D:10     | 13909 ||| Stepping ~*~*~tactically~*~*~ (hiding).
 14123 | D:10     | Noticed qw's ghost (journeyman GrFi)
 14129 | D:10     | Found a runed translucent door.
 14143 | D:10     | Noticed Erolcha
 14144 | D:10     | 14144 ||| INVOKING Heroism.
 14145 | D:10     | 14145 ||| INVOKING Finesse.
 14146 | Abyss:1  | Cast into level 1 of the Abyss (Erolcha)
 14265 | Abyss:1  | 14265 ||| Stepping ~*~*~tactically~*~*~ (stealth).
 14266 | Abyss:1  | 14266 ||| Stepping ~*~*~tactically~*~*~ (stealth).
 14279 | Abyss:1  | 14279 ||| Stepping ~*~*~tactically~*~*~ (stealth).
 14281 | Abyss:1  | 14281 ||| Stepping ~*~*~tactically~*~*~ (stealth).
 14341 | Abyss:1  | 14341 ||| INVOKING Heroism.
 14366 | Abyss:1  | 14366 ||| Stepping ~*~*~tactically~*~*~ (stealth).
 14373 | Abyss:1  | 14373 ||| Stepping ~*~*~tactically~*~*~ (stealth).
 14419 | Abyss:1  | 14419 ||| Stepping ~*~*~tactically~*~*~ (stealth).
 14480 | Abyss:1  | 14480 ||| Stepping ~*~*~tactically~*~*~ (stealth).
 14523 | Abyss:1  | Found a corrupted altar of Lugonu.
 14536 | Abyss:1  | 14536 ||| Stepping ~*~*~tactically~*~*~ (stealth).
 14539 | Abyss:1  | Paralysed by an air elemental for 1 turns
 14543 | Abyss:1  | Paralysed by an air elemental for 1 turns
 14560 | Abyss:1  | 14560 ||| Stepping ~*~*~tactically~*~*~ (stealth).
 14561 | Abyss:1  | Found a corrupted altar of Lugonu.
 14563 | Abyss:1  | 14563 ||| Stepping ~*~*~tactically~*~*~ (stealth).
 14576 | Abyss:1  | 14576 ||| Stepping ~*~*~tactically~*~*~ (stealth).
 14608 | Abyss:1  | Noticed a bone dragon
 14620 | Abyss:1  | 14620 ||| INVOKING Heroism.
 14653 | Abyss:1  | Killed a bone dragon
 14711 | Abyss:1  | 14711 ||| INVOKING Heroism.
 14738 | Abyss:1  | Noticed a tentacled starspawn
 14739 | Abyss:1  | 14739 ||| Stepping ~*~*~tactically~*~*~ (stealth).
 14747 | Abyss:1  | Killed a tentacled starspawn
 14750 | Abyss:1  | Found a corrupted altar of Lugonu.
 14754 | Abyss:1  | Noticed a starcursed mass
 14757 | Abyss:1  | 14757 ||| INVOKING Heroism.
 14757 | Abyss:1  | HP: 21/88 [starcursed mass/accursed screaming (8)]
 14758 | Abyss:1  | 14758 ||| READING 4 scrolls of teleportation.
 14763 | Abyss:1  | HP: 15/88 [starcursed mass/accursed screaming (8)]
 14772 | Abyss:1  | Found a corrupted altar of Lugonu.
 14795 | Abyss:1  | 14795 ||| Stepping ~*~*~tactically~*~*~ (stealth).
 14805 | Abyss:1  | 14805 ||| INVOKING Heroism.
 15005 | Abyss:1  | Found a corrupted altar of Lugonu.
 15005 | Abyss:1  | Noticed an angel
 15028 | Abyss:1  | 15028 ||| INVOKING Heroism.
 15038 | Abyss:1  | Noticed a tentacled starspawn
 15048 | Abyss:1  | HP: 6/88 [tentacled starspawn (22)]
 15049 | Abyss:1  | 15049 ||| READING 3 scrolls of teleportation.
 15049 | Abyss:1  | Slain by an angel

Levels and vault maps discovered:
D:1:      sevenhm_arrival_forest_fort_small_4, layout_loops_corners
D:2:      layout_loops_ring, minmay_pentomino_u4
D:3:      layout_basic, uniq_terence
D:4:      layout_basic, serial_shops, nicolae_lakefront_shop, shop,
          serial_glass, glass_columns_b, glass_columns_b
D:5:      layout_loops_cross, minmay_temple_entry_wispy, minmay_mini_ossuary
D:6:      layout_rooms, minivault_5, chequers_serial_rivers_room_b, uniq_maggie,
          uniq_edmund
D:7:      layout_gridville, chequers_serial_rivers_large_a
D:8:      layout_loops_ring
D:9:      layout_basic, demons_altar, due_lair_maze_entry_diamond, orc_david_3,
          serial_shops, nicolae_shop_industrial_runoff
D:10:     layout_long_grid, mainiacjoe_overflow_catwalk_spiral,
          gammafunk_temple_overflow_elements, hellmonk_ghost_happy_afterlife,
          minmay_misc_feat_cross, uniq_erolcha
Temple:   sentei_temple_godly_chess
Lair:1:   layout_small_grid
Lair:2:   layout_cave_shapes, elwin_shoals_entry_stream,
          nicolae_snake_entry_squirm, uniq_gastronok
Lair:3:   layout_cave_pods, serial_bayou_shore_b, grunt_megastairs_2
Lair:4:   layout_gridlike, dpeg_slime_entry_enclosed, uniq_rupert
Lair:5:   grunt_lair_end_beastmaster, layout_gridlike, evilmike_ambush
          [evilmike_ambush_outer_basic, evilmike_ambush_inner_basic]
Abyss:1:  base: Lair:3, spicy_abyss_helpful_harpoons

Skill      XL: |  1  2  3  4  5  6  7  8  9 10 11 12 13 14 |
---------------+-------------------------------------------+-----
Axes           | 2 3 4 5 6 7 9 10 11 12 14 | 14.0
Shields        | 4 6 8 9 10 11 13 14 15 | 15.4
Fighting       | 4 5 6 7 8 10 | 10.1
Dodging        | 1 2 |  2.3
Invocations    | 4 7 10 | 10.0
Armour         | 6 7 8 9 10 | 10.0
Throwing       | 2 |  2.1

Action                     |  1- 3 |  4- 6 |  7- 9 | 10-12 | 13-15 || total
---------------------------+-------+-------+-------+-------+-------++-------
  Melee: War axe           |   102 |    99 |   306 |   431 |   624 ||  1562
         Eveningstar       |       |       |       |    16 |       ||    16
  Throw: Boomerang         |       |       |       |    25 |    73 ||    98
 Invoke: Heroism           |       |       |     8 |    23 |    17 ||    48
         Finesse           |       |       |       |     4 |     6 ||    10
    Use: Scroll            |     6 |    11 |     5 |     9 |     5 ||    36
         Potion            |       |     1 |     2 |     1 |       ||     4
   Stab: Petrified         |       |       |       |       |     7 ||     7
         Petrifying        |       |       |       |       |     1 ||     1
 Armour: Scale mail        |    50 |    14 |       |       |       ||    64
         Chain mail        |       |    35 |   146 |       |       ||   181
         Plate armour      |       |       |       |   162 |   221 ||   383
  Dodge: Dodged            |    39 |    30 |    56 |    67 |   116 ||   308
  Block: Buckler           |    16 |     6 |       |       |       ||    22
         Tower shield      |       |    35 |   254 |   331 |   569 ||  1189
         Reflection        |       |       |       |       |     7 ||     7

Table legend:
 A = Non-vault XP
 B = Vault XP
 C = Vault XP percentage of total XP
 D = Non-vault monster count
 E = Vault monster count
 F = Vault count percentage of total count
                 A         B        C        D         E       F
            +---------+---------+-------+---------+---------+-------
      Total |   58458 |   22163 |  27.5 |     318 |      65 |  17.0
            +---------+---------+-------+---------+---------+-------
        D:1 |      23 |       0 |   0.0 |      14 |       0 |   0.0
        D:2 |      61 |      18 |  22.8 |      16 |       4 |  20.0
        D:3 |      76 |      32 |  29.6 |      16 |       1 |   5.9
        D:4 |     334 |       0 |   0.0 |      19 |       0 |   0.0
        D:5 |     479 |      22 |   4.4 |      11 |       5 |  31.2
        D:6 |     539 |     586 |  52.1 |       9 |       2 |  18.2
        D:7 |     574 |       0 |   0.0 |      16 |       0 |   0.0
        D:8 |    1953 |       0 |   0.0 |      32 |       0 |   0.0
        D:9 |    1703 |    1112 |  39.5 |      25 |      14 |  35.9
       D:10 |    2507 |       0 |   0.0 |      16 |       0 |   0.0
     Lair:1 |    8323 |       0 |   0.0 |      26 |       0 |   0.0
     Lair:2 |    2065 |    3667 |  64.0 |       8 |       8 |  50.0
     Lair:3 |    3120 |    2456 |  44.0 |       9 |       5 |  35.7
     Lair:4 |    3450 |    1959 |  36.2 |      13 |       1 |   7.1
     Lair:5 |   20934 |   12311 |  37.0 |      62 |      25 |  28.7
    Abyss:1 |   12317 |       0 |   0.0 |      26 |       0 |   0.0
            +---------+---------+-------+---------+---------+-------
